 Dungeon Crawl Stone Soup version 0.28.0-53-g5a82cb258f (webtiles) character file.

Game seed: 13720978996340852923

44 fuccboisucc420 the Skirmisher (level 3, -4/29 HPs)
             Began as a Demonspawn Abyssal Knight on July 21, 2022.
             Was a Follower of Lugonu.
             Slain by a gnoll
             ... wielding a +0 spear
              (7 damage)
             ... on level 2 of the Dungeon.
             The game lasted 00:05:05 (1366 turns).

fuccboisucc420 the Skirmisher (DsAK)                Turns: 1366, Time: 00:05:06

Health: -4/29      AC:  3    Str: 15    XL:     3   Next: 41%
Magic:  4/4        EV: 11    Int: 11    God:    Lugonu [*.....]
Gold:   40         SH:  0    Dex: 13    Spells: 2/2 levels left

rFire   . . .      SeeInvis .   a - +1 mace
rCold   . . .      Faith    .   (no shield)
rNeg    . . .      Spirit   .   b - +0 leather armour
rPois   .          Reflect  .   (no helmet)
rElec   .          Harm     .   (no cloak)
rCorr   .          Rampage  .   (no gloves)
Will    .....                   (no boots)
Stlth   +.........              (no amulet)
HPRegen 0.09/turn               (no ring)
MPRegen 0.09/turn               (no ring)

@: no status effects
A: powered by death 1
a: Renounce Religion, Depart the Abyss


You were on level 2 of the Dungeon.
You worshipped Lugonu.
Lugonu was aware of your devotion.
You visited 1 branch of the dungeon, and saw 2 of its levels.
You visited the Abyss 1 time.

You collected 40 gold pieces.

Inventory:

Hand Weapons
 a - a +1 mace (weapon)
 e - the +5 spear of the Twelve Emperors {flame, rElec rPois rCorr Stlth+}
   (You found it on level 2 of the Dungeon)

   It burns those it strikes, dealing additional fire damage.
   rElec:     It insulates you from electricity.
   rPois:     It protects you from poison.
   rCorr:     It protects you from acid and corrosion.
   Stlth:     It makes you more stealthy.
Missiles
 c - 15 stones
Armour
 b - a +0 leather armour (worn)
 f - a +0 ring mail
Wands
 g - a wand of mindburst (3)
Potions
 d - a potion of curing {unknown}


   Skills:
 - Level 3.0 Fighting
 + Level 3.0 Maces & Flails
 + Level 2.3 Armour
 + Level 1.0 Dodging
 + Level 0.2 Stealth
 - Level 2.4 Invocations


You had 2 spell levels left.
You didn't know any spells.
Your spell library was empty.

Dungeon Overview and Level Annotations

Branches:
Dungeon (2/15)

Altars:


Innate Abilities, Weirdness & Mutations

You regenerate a little health from kills.


Message History

You sock the giant cockroach!
You kill the giant cockroach!
Lugonu accepts your kill. The goblin closely misses you.
You hit the goblin.
You kill the goblin!
Lugonu accepts your kill.
You sock the gnoll!
The gnoll is severely wounded.
The gnoll hits you with a +0 flail.
You hit the gnoll.
You kill the gnoll!
Lugonu accepts your kill. The gnoll barely misses you.
Your Dodging skill increases to level 1!
You have reached level 3!
Your experience leads to an increase in your attributes!
Increase (S)trength, (I)ntelligence, or (D)exterity?
You feel stronger. x2
You barely miss the gnoll. The gnoll hits you with a +0 club.
You barely miss the gnoll. The gnoll hits you with a +0 club!
The gnoll hits you from afar with a +0 spear.
You hit the gnoll.
The gnoll is heavily wounded.
The gnoll hits you with a +0 club.
* * * LOW HITPOINT WARNING * * *
The gnoll hits you from afar with a +0 spear.
* * * LOW HITPOINT WARNING * * *
Aiming: Mindburst
Press: ? - help, Shift-Dir - straight line, f - gnoll
Aim: a gnoll, wielding a +0 club (heavily wounded, chance to affect: 72%)
The gnoll's mind is blasted!!
You blow up the gnoll!
Lugonu accepts your kill. The gnoll barely misses you.
Your Maces & Flails skill increases to level 3!
You hit the endoplasm.
The endoplasm is lightly wounded.
The gnoll hits you from afar with a +0 spear!
You die...

#.#.#
#.###....# #.#
# #.# #..## #.#
##.# .# #..#
..## #.## .....
##<# .... #..#
#..# #####.##
#..##.J@..#
#..#g#####
#....# #>†#.##
#.g...####
#.........
#..........###.
###.........#
###...#.#.#


You could see a gnoll and an endoplasm.

Vanquished Creatures
  2 gnolls (D:2)
  2 dart slugs (D:1)
  A ball python (D:1)
  3 bats
  An endoplasm (D:1)
  2 giant cockroaches
  4 goblins
  2 quokkas (D:1)
  A frilled lizard (D:2)
  3 rats
21 creatures vanquished.

Vanquished Creatures (others)
  A plant (D:1)
1 creature vanquished.

Grand Total: 22 creatures vanquished

Notes
Turn   | Place    | Note
-------+----------+-------------------------------------------
     0 | Abyss:1  | fuccboisucc420 the Demonspawn Abyssal Knight began the
                  | quest for the Orb.
     0 | Abyss:1  | Reached XP level 1. HP: 18/18 MP: 2/2
     0 | D:1      | Escaped the Abyss
    76 | D:1      | Found a faded altar of an unknown god.
   115 | D:1      | Reached * piety under Lugonu
   135 | D:1      | Gained mutation: You regenerate a little health from kills.
                  | [demonic ancestry]
   135 | D:1      | Reached XP level 2. HP: 13/24 MP: 3/3
  1269 | D:2      | Identified the +5 spear of the Twelve Emperors {flame,
                  | rElec rPois rCorr Stlth+}
  1362 | D:2      | Reached skill level 1 in Dodging
  1362 | D:2      | Reached XP level 3. HP: 25/29 MP: 4/4
  1366 | D:2      | Slain by a gnoll

Illustrated notes

Levels and vault maps discovered:
D:1:      lightli_arrival_windingriver, layout_basic,
          hellmonk_ecumenical_altar_inner_sanctum, serial_bayou_pond_e,
          chequers_serial_rivers_small_b
D:2:      layout_rooms, serial_shops, shop, serial_glass, glass_columns_a,
          glass_columns_a

Skill      XL: |  1  2  3 |
---------------+----------+-----
Maces & Flails | 2 3 |  3.0
Armour         | 2 |  2.3
Dodging        | 1 |  1.0
Fighting       | |  3.0
Stealth        | |  0.2
Invocations    | |  2.4

Action                   || total
-------------------------++-------
Melee: Mace              ||    55
Invok: Depart the Abyss  ||     1
Evoke: Wand              ||     1
Armor: Leather armour    ||    12
Dodge: Dodged            ||    48
